 Dungeon Crawl Stone Soup version 0.26.1-11-gd32895ea62 (webtiles) character file.

Game seed: 14536656676383552322

1610 seveneves the Cleaver (level 8, -2/70 (71) HPs)
             Began as a Hill Orc Fighter on July 16, 2021.
             Was a Follower of Elyvilon.
             Slain by a wight
             ... wielding a +0 great sword
              (7 damage)
             ... on level 7 of the Dungeon.
             The game lasted 00:27:49 (3647 turns).

seveneves the Cleaver (Hill Orc Fighter)            Turns: 3647, Time: 00:27:50

HP:   -2/70 (71)    AC: 13    Str: 21      XL:     8   Next: 95%
MP:   8/8           EV:  4    Int:  8      God:    Elyvilon [*.....]
Gold: 170           SH: 10    Dex:  8 (10) Spells: 7/7 levels left

rFire    . . .     SeeInvis .   o - +3 hand axe
rCold    . . .     Faith    .   c - +0 kite shield
rNeg     . . .     Spirit   .   k - +0 plate armour
rPois    .         Reflect  .   (no helmet)
rElec    .         Harm     .   (no cloak)
rCorr    .         Rampage  .   q - +0 pair of gloves
Will     .....                  (no boots)
Stlth    ..........             (no amulet)
HPRegen  0.21/turn              (no ring)
MPRegen  0.11/turn              (no ring)

@: lightly drained
A: no striking features
a: Renounce Religion, Lesser Healing, Divine Protection


You were on level 7 of the Dungeon.
You worshipped Elyvilon.
Elyvilon was aware of your devotion.
You visited 1 branch of the dungeon, and saw 5 of its levels.

You collected 215 gold pieces.
You spent 45 gold pieces at shops.

Inventory:

Hand Weapons
 d - a +6 falchion
 e - a +5 long sword
 h - a +4 flail
 o - a +3 hand axe (weapon)
Missiles
 b - 2 datura-tipped darts
 t - 6 boomerangs
 y - 8 poisoned darts (quivered)
Armour
 c - a +0 kite shield (worn)
 i - a +0 chain mail
 k - a +0 plate armour (worn)
 q - a +0 pair of gloves (worn)
 s - a +0 buckler
Scrolls
 g - a scroll of enchant armour {unknown}
 l - 4 scrolls of remove curse
 p - a scroll of immolation {unknown}
 r - 2 scrolls of identify
 u - a scroll of fog
 v - a scroll of noise {unknown}
 x - 2 scrolls of teleportation {unknown}
Potions
 a - a potion of heal wounds
 f - 2 potions of haste
 m - 2 potions of attraction {unknown}
 w - a potion of brilliance {unknown}


   Skills:
 + Level 6.3 Fighting
 + Level 9.9 Axes
 + Level 0.3 Throwing
 + Level 6.0 Armour
 + Level 0.5 Dodging
 + Level 6.2 Shields


You had 7 spell levels left.
You didn't know any spells.
Your spell library contained the following spells:

 Spells                   Type           Power        Failure   Level
 Confusing Touch          Hex            0%           100%        3
 Gell's Gravitas          Tloc           0%           100%        3
 Petrify                  Tmut/Erth      0%           100%        4
 Metabolic Englaciation   Hex/Ice        0%           100%        5
 Yara's Violent Unravell  Hex/Tmut       0%           100%        5


Dungeon Overview and Level Annotations

Branches:
Dungeon (7/15)
 Temple: D:4-7

Altars:
Elyvilon

Shops:
D:4 }[   D:7 *


Message History

You kill the quasit!
A wight is nearby!
You see here 9 gold pieces.
You see here 9 gold pieces.
You now have 170 gold pieces (gained 9).
The wight hits you with a +0 great sword.
* * * LOW HITPOINT WARNING * * *
You feel drained.
* * * LOW HITPOINT WARNING * * *
You hit the wight but do no damage. The wight barely misses you.
You hit the wight.
The wight is lightly damaged.
You hit the wight.
The wight is moderately damaged.
The wight hits you with a +0 great sword!
* * * LOW HITPOINT WARNING * * *
You hit the wight.
The wight is moderately damaged.
The wight hits you with a +0 great sword!
You die...

............#####
##...........∩..#
....#.>##.##>##.###
....#.###.........#####
#..##†.####...........#
.......# ####........#
##.##..### #........#
.........#####........#
...............z@.....#
.........#.....###.(..#
.........^..... #.##.#
............... #.. .#
...[).......... ##.# #
###.######.... .# #.#
.... .. #.# #. #..


You could see a wight.

Vanquished Creatures
  A black bear (D:7)
  A sky beast (D:4)
  A phantom (D:4)
  A centaur (D:7)
  Blork the orc (D:4)
  A big kobold (D:7)
  2 bullfrogs (D:7)
  2 scorpions
  7 wights (D:7)
  A quasit (D:7)
  An orc priest (D:3)
  A bullfrog skeleton (D:7)
  4 orc wizards
  4 worker ants (D:4)
  A hound skeleton (D:7)
  A worker ant zombie (D:7)
  Robin (D:3)
  4 gnolls (D:4)
  9 adders
  2 shadow imps
  An ufetubus (D:7)
  An ooze (D:1)
  An adder skeleton (D:7)
  A worm (D:3)
  2 dart slugs
  5 leopard geckos
  18 orcs
  7 bats
  7 giant cockroaches
  8 goblins
  6 hobgoblins
  8 jackals
  11 kobolds
  A quokka (D:2)
  A ball python (D:2)
  10 frilled lizards
  2 quokka skeletons (D:4)
  6 rats
142 creatures vanquished.

Notes
Turn   | Place    | Note
-------+----------+-------------------------------------------
     0 | D:1      | seveneves the Hill Orc Fighter began the quest for the Orb.
     0 | D:1      | Reached XP level 1. HP: 19/19 MP: 1/1
   162 | D:1      | Reached XP level 2. HP: 25/27 MP: 2/2
   245 | D:1      | Reached skill level 3 in Axes
   512 | D:1      | Reached XP level 3. HP: 31/33 MP: 3/3
  1310 | D:2      | Noticed a scorpion
  1317 | D:2      | Killed a scorpion
  1318 | D:2      | Reached skill level 4 in Axes
  1318 | D:2      | Reached XP level 4. HP: 32/40 MP: 4/4
  1694 | D:2      | Reached XP level 5. HP: 47/47 MP: 5/5
  1796 | D:2      | You fall into a shaft and drop 1 floor!
  1870 | D:3      | Reached skill level 5 in Axes
  2011 | D:3      | Reached XP level 6. HP: 22/53 MP: 6/6
  2433 | D:3      | Noticed Robin
  2451 | D:3      | Killed Robin
  2599 | D:4      | Noticed a phantom
  2613 | D:4      | Reached skill level 6 in Axes
  2633 | D:4      | Killed a phantom
  2634 | D:4      | Reached XP level 7. HP: 40/60 MP: 7/7
  2694 | D:4      | Reached skill level 5 in Fighting
  2694 | D:4      | Reached skill level 7 in Axes
  2694 | D:4      | Reached skill level 5 in Armour
  2694 | D:4      | Reached skill level 5 in Shields
  2742 | D:4      | Found a white marble altar of Elyvilon.
  2748 | D:4      | Became a worshipper of Elyvilon the Healer
  2917 | D:4      | Found Huycsab's Armour Boutique.
  2925 | D:4      | Bought a +0 buckler for 45 gold pieces
  2953 | D:4      | Found Zememek's Gadget Boutique.
  3243 | D:4      | Reached * piety under Elyvilon
  3304 | D:4      | Noticed Blork the orc
  3315 | D:4      | Killed Blork the orc
  3318 | D:4      | Reached XP level 8. HP: 45/69 MP: 8/8
  3322 | D:4      | You fall into a shaft and drop 3 floors!
  3339 | D:7      | Reached skill level 8 in Axes
  3478 | D:7      | Reached skill level 9 in Axes
  3581 | D:7      | Found Foimamar's General Store.
  3647 | D:7      | Slain by a wight

Illustrated notes

Levels and vault maps discovered:
D:1:      lightli_arrival_statue_moat, layout_basic, serial_aquarium,
          aquarium_bridge_square [aquarium_subvault_bridge,
          aquarium_subvault_bridge, aquarium_subvault_balcony,
          aquarium_subvault_window], aquarium_bridge_square
          [aquarium_subvault_bridge, aquarium_subvault_wall,
          aquarium_subvault_window, aquarium_subvault_wall],
          aquarium_window_corner, aquarium_window_1, aquarium_window_1,
          aquarium_view_2a, aquarium_pool_four, minmay_lizard_pond
D:2:      layout_loops_ring, uniq_terence
D:3:      layout_loops_ring, grunt_ministairs_11, uniq_robin
D:4:      layout_basic, kennysheep_little_box, serial_shops, shop, shop,
          uniq_blork_the_orc
D:7:      layout_rooms, serial_shops, shop

Skill      XL: |  1  2  3  4  5  6  7  8 |
---------------+-------------------------+-----
Fighting       | 4 5 6 |  6.3
Axes           | 3 4 5 6 7 9 |  9.9
Shields        | 4 5 6 |  6.2
Armour         | 4 5 6 |  6.0
Throwing       | |  0.3
Dodging        | |  0.5

Action                   |  1- 3 |  4- 6 |  7- 9 || total
-------------------------+-------+-------+-------++-------
Melee: War axe           |   115 |    37 |       ||   152
       Hand axe          |       |   189 |   225 ||   414
Throw: Stone             |     1 |     1 |       ||     2
       Boomerang         |       |       |     2 ||     2
       Dart              |       |       |     1 ||     1
  Use: Potion            |     5 |     1 |     4 ||    10
       Scroll            |     3 |     3 |       ||     6
Armor: Scale mail        |    24 |       |       ||    24
       Chain mail        |    21 |       |       ||    21
       Plate armour      |    27 |   152 |   168 ||   347
Dodge: Dodged            |    23 |    34 |    37 ||    94
Block: Kite shield       |    66 |   112 |   118 ||   296
